 Dungeon Crawl Stone Soup version 0.26.1-2-gb8aa6d0cf2 (webtiles) character file.

Game seed: 11219821523162551276

354 FishyPogo the Skirmisher (level 6, -1/85 HPs)
             Began as a Minotaur Berserker on Feb 9, 2021.
             Was a Believer of Trog.
             Killed by divine providence
             ... invoked by an orc priest
              (13 damage)
             ... on level 3 of the Dungeon.
             The game lasted 00:10:32 (2756 turns).

FishyPogo the Skirmisher (Minotaur Berserker)       Turns: 2756, Time: 00:10:33

Health: -1/85      AC:  3    Str: 23    XL:     6   Next: 35%
Magic:  5/5        EV: 12    Int:  4    God:    Trog [**....]
Gold:   172        SH:  0    Dex: 10    Spells: 5/5 levels left

rFire    . . .     SeeInvis .   p - +1 whip (drain)
rCold    . . .     Faith    .   (no shield)
rNeg     . . .     Spirit   .   b - +0 animal skin
rPois    +         Reflect  .   (helmet restricted)
rElec    .         Harm     .   n - +0 cloak {rPois}
rCorr    +         Rampage  .   (no gloves)
Will     ++...                  (no boots)
Stlth    ..........             (no amulet)
HPRegen  1.24/turn              i - ring of resist corrosion
MPRegen  0.09/turn              (no ring)

@: berserking (expiring), regenerating, very quick
A: retaliatory headbutt, horns 2
a: Renounce Religion, Berserk, Trog's Hand


You were on level 3 of the Dungeon.
You worshipped Trog.
Trog was pleased with you.
You visited 1 branch of the dungeon, and saw 3 of its levels.

You collected 172 gold pieces.

Inventory:

Hand Weapons
 a - a +0 hand axe
 p - a +1 whip of draining (weapon)
Missiles
 j - 5 boomerangs
Armour
 b - a +0 animal skin (worn)
 n - a +0 cloak of poison resistance (worn)
Jewellery
 i - a ring of resist corrosion (left hand)
 q - an uncursed ring of see invisible {unknown}
Scrolls
 e - 2 scrolls of remove curse {unknown}
 f - a scroll of teleportation {unknown}
 g - a scroll of blinking {unknown}
 k - a scroll of identify {unknown}
Potions
 c - 3 potions of haste {unknown}
 d - 3 potions of curing {unknown}
 h - a potion of degeneration {unknown}
 l - a potion of magic {unknown}
 m - a potion of lignification {unknown}
 o - a potion of berserk rage {unknown}


   Skills:
 * Level 6.0 Fighting
 + Level 4.9 Axes
 * Level 5.3 Armour
 - Level 3.0 Dodging


You had 5 spell levels left.
You didn't know any spells.
Your spell library was empty.

Dungeon Overview and Level Annotations

Branches:
Dungeon (3/15)

Altars:
Okawaru


Innate Abilities, Weirdness & Mutations

You reflexively headbutt those who attack you in melee.
You have a pair of horns on your head.


Message History

You whack the orc priest! Your headbutt misses the orc priest.
The orc priest is severely wounded.
The orc priest hits you but does no damage.
You closely miss the orc priest.
The orc priest is severely wounded.
The orc priest hits you with a +0 war axe.
* * * LOW HITPOINT WARNING * * *
You hit the orc priest.
The orc priest is heavily wounded.
The orc priest invokes the aid of Beogh against you.
You resist with almost no effort.
You barely miss the orc priest. Your headbutt misses the orc priest.
The orc priest is severely wounded.
The orc priest hits you with a +0 war axe.
* * * LOW HITPOINT WARNING * * *
You barely miss the orc priest.
The orc priest is severely wounded.
The orc priest mumbles some strange prayers to Beogh against you.
Beogh smites you!
You die...

#.####.###.#. #.## #.##..##
.o.#...#..#.. #.# #....## #.#.#...#
#.##.# #..###
###.o.....###..#.####..#
#.....#.#..###....##...#
#.......#....#....##...#######
####......####..#....#.....#.....
.........## #.oo####)...........
.##.(##########)@..รทรท..........>.
....###......##...##.............
......#......####.^..............
#.8#8.....<..####................
..#[#[#......##..................
..8#8............................
.................................
.............###...........#.....
.######......# #..........#######


You could see 2 orc priests.

Vanquished Creatures
  Grinder (D:3)
  Jessica (D:3)
  An orc wizard (D:3)
  4 adders
  3 dart slugs
  3 leopard geckos
  7 orcs (D:3)
  8 bats
  A giant cockroach (D:1)
  3 goblins
  4 hobgoblins (D:1)
  3 jackals (D:3)
  2 quokkas (D:3)
  5 frilled lizards
  8 kobolds
  3 rats
57 creatures vanquished.

Vanquished Creatures (others)
  A plant (D:1)
1 creature vanquished.

Grand Total: 58 creatures vanquished

Notes
Turn   | Place    | Note
-------+----------+-------------------------------------------
     0 | D:1      | FishyPogo the Minotaur Berserker began the quest for the
                  | Orb.
     0 | D:1      | Reached XP level 1. HP: 19/19 MP: 0/0
   283 | D:1      | Reached XP level 2. HP: 20/27 MP: 1/1
   465 | D:1      | You fall into a shaft and drop 1 floor!
   579 | D:2      | Reached skill level 4 in Fighting
   626 | D:2      | Reached XP level 3. HP: 31/33 MP: 2/2
  2037 | D:2      | Found an iron altar of Okawaru.
  2232 | D:3      | Reached XP level 4. HP: 41/41 MP: 3/3
  2238 | D:3      | Reached ** piety under Trog
  2331 | D:3      | Noticed Jessica
  2340 | D:3      | Killed Jessica
  2553 | D:3      | Noticed Grinder
  2559 | D:3      | Paralysed by Grinder for 4 turns
  2573 | D:3      | Killed Grinder
  2574 | D:3      | Reached skill level 5 in Fighting
  2574 | D:3      | Reached skill level 5 in Armour
  2574 | D:3      | Reached XP level 5. HP: 27/50 MP: 4/4
  2574 | D:3      | Reached XP level 6. HP: 30/57 MP: 5/5
  2751 | D:3      | Reached skill level 6 in Fighting
  2756 | D:3      | Killed from afar by an orc priest

Illustrated notes

Levels and vault maps discovered:
D:1:      dpeg_arrival_central, layout_basic, serial_forest,
          infiniplex_forest_clump_diagonal, infiniplex_forest_clump_small,
          infiniplex_forest_side_room, infiniplex_forest_lined_ring,
          infiniplex_forest_3_way, infiniplex_forest_lined_room_3,
          nrook_campfire
D:2:      layout_loops_ring, nicolae_overflow_hidden_temple
D:3:      layout_rooms, minmay_statues_item, uniq_jessica, uniq_terence,
          uniq_grinder

Skill      XL: |  1  2  3  4  5  6 |
---------------+-------------------+-----
Fighting       | 4 5 6 |  6.0
Armour         | 3 5 |  5.3
Axes           | 4 |  4.9
Dodging        | 3 |  3.0

Action                   |  1- 3 |  4- 6 || total
-------------------------+-------+-------++-------
Melee: Hand axe          |    84 |    41 ||   125
       Headbutt          |    16 |     6 ||    22
       Whip              |       |     9 ||     9
Throw: Boomerang         |       |     1 ||     1
Invok: Berserk           |     1 |     1 ||     2
       Trog's Hand       |       |     1 ||     1
Armor: Animal skin       |     3 |     7 ||    10
Dodge: Dodged            |    38 |    37 ||    75
